 Dungeon Crawl Stone Soup version 0.27-a0-590-g94244163b4 (webtiles) character file.

Game seed: 15412386592581196055

150927 Armakuni the Severer (level 18, -2/147 HPs)
             Began as a Human Monk on Mar 7, 2021.
             Was the Champion of the Shining One.
             Slain by an alligator (3 damage)
             ... called by a spriggan druid
             ... on level 4 of the Swamp on Mar 10, 2021.
             The game lasted 01:09:58 (34274 turns).

Armakuni the Severer (Human Monk)                  Turns: 34274, Time: 01:09:58

Health: -2/147     AC: 26    Str: 18    XL:     18   Next: 17%
Magic:  0/29       EV: 11    Int: 12    God:    the Shining One [******]
Gold:   1507       SH: 19    Dex: 22    Spells: 17/17 levels left

rFire    + . .     SeeInvis .   f - +1 morningstar (flame)
rCold    . . .     Faith    .   v - +0 buckler
rNeg     + + +     Spirit   +   U - +2 plate armour {rF+}
rPois    +         Reflect  .   J - +0 helmet
rElec    .         Harm     .   s - +2 cloak {rPois}
rCorr    .         Rampage  .   c - +1 pair of gloves
Will     +....     Clarity  +   e - +1 pair of boots
Stlth    ..........             G - amulet of guardian spirit
HPRegen  0.34/turn              S - +4 ring of slaying
MPRegen  0.21/turn              D - ring of Qetool {rPois Dex+6 Slay+3}

@: divinely shielded, glowing
A: talons 1, blurry vision 1, clarity, poison resistance, robust 1
a: Renounce Religion, Divine Shield, Cleansing Flame, Summon Divine Warrior


You were on level 4 of the Swamp.
You worshipped the Shining One.
The Shining One was exalted by your worship.
You visited 5 branches of the dungeon, and saw 28 of its levels.

You collected 2310 gold pieces.
You spent 803 gold pieces at shops.

Inventory:

Hand Weapons
 a - a +6 broad axe of electrocution
 b - a +4 broad axe of holy wrath
 f - a +1 morningstar of flaming (weapon)
Missiles
 d - 43 boomerangs (quivered)
 r - 6 curare-tipped darts
 t - 4 silver javelins
 u - 12 javelins
 B - a throwing net
Armour
 c - a +1 pair of gloves (worn)
 e - a +1 pair of boots (worn)
 s - a +2 cloak of poison resistance (worn)
 v - a +0 buckler (worn)
 J - a +0 helmet (worn)
 Q - a +0 kite shield
 U - a +2 plate armour of fire resistance (worn)
Jewellery
 D - the ring of Qetool (left hand) {rPois Dex+6 Slay+3}
   (You found it on level 15 of the Dungeon)

   [ring of dexterity]

   It affects your dexterity (+6).
   It affects your accuracy and damage with ranged weapons and melee attacks
   (+3).
   It protects you from poison.
 G - an amulet of guardian spirit (around neck)
 L - the ring of Cuwkyu {+Fly rF+ Stlth+}
   (You found it on level 15 of the Dungeon)

   [ring of flight]

   It protects you from fire.
   It lets you fly.
   It makes you more stealthy.
 S - a +4 ring of slaying (right hand)
Wands
 k - a wand of digging (23)
 l - a wand of acid (3)
 M - a wand of flame (12)
 R - a wand of polymorph (10)
Scrolls
 g - 5 scrolls of teleportation
 h - 3 scrolls of fear
 i - 5 scrolls of amnesia
 j - a scroll of fog
 o - 4 scrolls of identify
 q - 4 scrolls of noise
 w - 5 scrolls of blinking
 y - 3 scrolls of magic mapping
 H - 5 scrolls of enchant armour
 N - a scroll of holy word
 P - 2 scrolls of immolation
Potions
 m - 2 potions of heal wounds
 n - 4 potions of flight
 p - 4 potions of curing
 x - 7 potions of attraction
 z - a potion of berserk rage
 A - a potion of ambrosia
 E - 6 potions of lignification
 F - 2 potions of brilliance
 I - 5 potions of haste
 K - 2 potions of mutation
 O - 4 potions of cancellation
 T - 2 potions of resistance


   Skills:
 - Level 10.0 Fighting
 - Level 3.6 Short Blades
 - Level 17.9(18.0) Axes
 - Level 3.0(12.4) Maces & Flails
 - Level 10.0 Throwing
 - Level 10.0 Armour
 - Level 9.0 Dodging
 - Level 2.0 Stealth
 + Level 8.8 Shields
 - Level 15.0 Invocations


You had 17 spell levels left.
You didn't know any spells.
Your spell library contained the following spells:

 Spells                   Type           Power      Damage    Failure   Level
 Animate Skeleton         Necr           0%         N/A       100%        1
 Freeze                   Ice            0%         1d3       100%        1
 Magic Dart               Conj           0%         1d3       100%        1
 Sandblast                Erth           0%         2d4       100%        1
 Summon Small Mammal      Summ           0%         N/A       100%        1
 Blink                    Tloc           N/A        N/A       100%        2
 Call Imp                 Summ           0%         N/A       100%        2
 Corpse Rot               Necr/Air       N/A        N/A       100%        2
 Ensorcelled Hibernation  Hex/Ice        0%         N/A       100%        2
 Passwall                 Tmut/Erth      0%         N/A       100%        2
 Poisonous Vapours        Pois/Air       0%         N/A       100%        2
 Slow                     Hex            0%         N/A       100%        2
 Call Canine Familiar     Summ           0%         N/A       100%        3
 Conjure Flame            Conj/Fire      0%         6-21      100%        3
 Frozen Ramparts          Ice            0%         1d2       100%        3
 Mephitic Cloud           Conj/Pois/Air  0%         N/A       100%        3
 Ozocubu's Armour         Ice            0%         N/A       100%        3
 Stone Arrow              Conj/Erth      0%         3d7       100%        3
 Summon Guardian Golem    Hex/Summ       0%         N/A       100%        3
 Hailstorm                Conj/Ice       0%         3d3       100%        4
 Petrify                  Tmut/Erth      0%         N/A       100%        4
 Summon Ice Beast         Ice/Summ       0%         N/A       100%        4
 Summon Lightning Spire   Summ/Air       0%         N/A       100%        4
 Agony                    Necr           0%         N/A       100%        5
 Lee's Rapid Deconstruct  Erth           0%         3d5*      100%        5
 Metabolic Englaciation   Hex/Ice        0%         N/A       100%        5
 Freezing Cloud           Conj/Ice/Air   0%         6-21      100%        6
 Haunt                    Necr/Summ      0%         N/A       100%        7
 Malign Gateway           Summ/Tloc      0%         N/A       100%        7
 Monstrous Menagerie      Summ           0%         N/A       100%        7
 Summon Horrible Things   Summ           0%         N/A       100%        8


Dungeon Overview and Level Annotations

Branches:
Dungeon (15/15)            Temple (1/1) D:7            Lair (6/6) D:10
  Swamp (4/4) Lair:2       Spider (0/4) Lair:3        Slime (0/5) Lair:5
    Orc (2/2) D:9             Elf (0/3) Orc:2        Vaults (0/5) D:14
 Depths (0/5) D:15

Altars:
Ashenzari
Cheibriados
Dithmenos
Elyvilon
Fedhas
Gozag
Hepliaklqana
Kikubaaqudgha
Makhleb
Nemelex Xobeh
Okawaru
Qazlal
Ru
Sif Muna
Trog
Uskayaw
Vehumet
Wu Jian
Xom
Yredelemnul
Zin
The Shining One
Jiyva

Shops:
D:7 *   D:12 =   D:13 *   Orc:1 (   Orc:2 *:([*

Annotations:
Lair:2 exclusion: 2 oklob plants


Innate Abilities, Weirdness & Mutations

You have sharp toenails.
Scrolls take you a little longer to read.
You possess an exceptional clarity of mind.
Your system is resistant to poisons. (rPois)
You are robust. (+10% HP)


Message History

The alligator is almost dead.
The alligator bites you but does no damage.
You block the alligator's attack. The alligator barely misses you.
You block the alligator's attack.
You don't have enough magic at the moment.
Unknown command.
You bludgeon the five-headed hydra!! You burn the five-headed hydra!
The five-headed hydra is heavily wounded.
You block the five-headed hydra's attack.
The five-headed hydra bites you. x2
You block the five-headed hydra's attack.
The five-headed hydra bites you! The alligator bites you!
You block the alligator's attack. The alligator bites you!
* * * LOW HITPOINT WARNING * * *
The alligator tail-slaps you but does no damage.
You hit the five-headed hydra. You burn the five-headed hydra.
The five-headed hydra is heavily wounded.
The alligator bites you!
* * * LOW HITPOINT WARNING * * *
You block the alligator's attack.
The five-headed hydra barely misses you. x2
You block the five-headed hydra's attack.
The five-headed hydra bites you but does no damage. x2
A four-headed hydra comes into view.
You block the alligator's attack. The alligator completely misses you.
You block the alligator's attack.
The alligator tail-slaps you but does no damage.
The four-headed hydra roars!
You sock the five-headed hydra! You burn the five-headed hydra.
The five-headed hydra is severely wounded.
You hear a loud "Zot"!
You block the five-headed hydra's attack. x2
The five-headed hydra bites you.
* * * LOW HITPOINT WARNING * * *
The five-headed hydra bites you but does no damage.
The five-headed hydra bites you!
* * * LOW HITPOINT WARNING * * *
The alligator bites you but does no damage.
The alligator tail-slaps you.
You die...

.≈≈... ♣♣ ...§..≈.♣♣
♣.♣♣ .....≈≈≈$♣♣ ♣...♣
.≈....(...♣♣..≈♣
..§..≈....≈♣≈≈♣♣
.≈§....D≈§♣≈≈≈.♣♣
......).)..≈..§.♣ ♣♣♣♣♣♣
.≈≈≈≈$t†t..≈♣≈(♣♣♣♣..≈..
.≈.§≈≈D@....♣♣ ♣♣♣≈≈≈≈≈§
≈...≈≈...♣≈.≈♣♣♣..≈≈≈≈≈≈
.D....≈.≈...≈♣♣.≈..≈≈≈≈≈
..♣♣..♣♣..≈.♣♣♣≈≈≈≈≈≈≈≈≈
♣ ♣♣♣ ♣..≈..♣♣.≈≈≈≈≈.♣♣
#♣♣≈.≈♣♣♣..≈≈≈≈..
♣♣≈.≈♣≈..≈≈≈†.[
♣♣≈≈≈.≈≈.≈≈≈.♣
♣≈≈≈≈≈≈≈≈≈≈≈♣


You could see 2 alligators, a five-headed hydra (strong), a four-headed hydra
and a swamp dragon.

Vanquished Creatures
  2 tentacled monstrosities
  Jorgrun (Orc:2)
  Frances (D:14)
  Kirke (D:15)
  Agnes (D:14)
  A fenstrider witch (Swamp:3)
  Louise (D:15)
  An orc warlord (Orc:2)
  A stone giant (Orc:2)
  4 dire elephants (Lair:6)
  3 bunyips
  5 ettins
  3 eleionomae
  Josephine (D:10)
  Harold (Lair:1)
  20 hydras
  A catoblepas (Lair:5)
  An anaconda (Lair:6)
  A boulder beetle (Lair:6)
  3 two-headed ogres
  A death knight (D:15)
  Erica (Lair:2)
  6 centaur warriors
  A tengu warrior (D:15)
  7 alligators
  Sonja (Orc:1)
  Nergalle (Lair:1)
  A hell knight (D:15)
  The ghost of Nebesus the Slicer, a novice KoBe of Trog (D:8)
  4 skeletal warriors (D:13)
  20 spriggans
  7 goliath frogs
  2 unseen horrors
  4 swamp dragons
  6 bog bodies
  7 spriggan druids
  A death drake (Swamp:4)
  A deep elf archer (D:15)
  2 orc knights (Orc:1)
  An oklob plant (Lair:1)
  2 deep elf pyromancers
  12 cyclopes
  2 ugly things (D:13)
  2 will-o-the-wisps
  A wolf spider zombie (D:13)
  4 orc sorcerers
  3 manticores
  2 torpor snails
  4 black mambas
  20 elephants
  5 centaur zombies (D:13)
  A gargoyle (D:15)
  A yaktaur (D:13)
  An efreet (D:15)
  4 rime drakes
  3 freezing wraiths
  13 cane toads
  7 komodo dragons
  4 kobold demonologists
  A tengu conjurer (D:15)
  8 tyrant leeches
  A meliai (D:13)
  A troll (D:15)
  3 polar bears (D:12)
  2 bloated husks
  A hornet (shapeshifter) (D:13)
  3 dream sheep (Lair:3)
  3 slime creatures (D:12)
  4 blink frogs (Lair:6)
  17 hornets
  A redback (Lair:3)
  Sigmund (D:6)
  A shadow (D:10)
  53 yaks
  3 basilisks
  A water elemental (D:14)
  3 wyverns
  5 wraiths
  Grum (D:8)
  4 hogs (D:15)
  2 steam dragons
  13 vampire mosquitoes
  8 wargs
  10 swamp worms
  3 acid dragons
  10 water moccasins
  A floating eye (Lair:2)
  A sky beast (shapeshifter) (D:13)
  2 swamp drakes
  21 orc warriors
  9 ice beasts
  6 sky beasts
  A hornet zombie (D:15)
  2 necrophages
  24 wolves
  10 ogres
  5 boggarts (D:14)
  5 centaurs
  3 phantoms
  3 kobold brigands
  17 bullfrogs
  A gnoll sergeant (D:9)
  5 scorpions
  12 killer bees
  15 wights
  An electric eel (Lair:5)
  3 howler monkeys
  10 hounds
  A quasit (D:14)
  6 jellies
  6 centaur skeletons
  10 orc priests
  5 bullfrog skeletons
  Natasha (thrice) (D:4)
  4 hell rats (Lair:6)
  3 iguanas
  12 orc wizards
  15 worker ants
  2 hound skeletons
  2 hound zombies
  A worker ant zombie (D:5)
  4 gnolls
  A howler monkey skeleton (D:11)
  13 adders
  3 shadow imps
  A white imp (D:5)
  7 ufetubi
  2 adder skeletons
  3 worms (D:2)
  A dart slug (D:1)
  3 leopard geckos
  81 orcs
  5 bats
  4 giant cockroaches
  7 goblins
  6 hobgoblins
  12 jackals
  26 kobolds
  2 quokkas
  3 frilled lizards
  A leopard gecko skeleton (D:4)
  7 rats
  12 butterflies (D:15)
813 creatures vanquished.

Vanquished Creatures (others)
  A centaur warrior (D:11)
  An unseen horror (D:11)
  A troll (D:11)
  A wyvern (D:11)
  2 orc warriors (D:11)
  A bullfrog (D:11)
  6 killer bees (D:11)
  A bullfrog zombie (D:11)
  A worker ant zombie (D:11)
  An adder (D:11)
  A leopard gecko (D:11)
  2 orcs
  12 foxfires
  32 fungi
  44 plants
107 creatures vanquished.

Grand Total: 920 creatures vanquished

Notes
Turn   | Place    | Note
-------+----------+-------------------------------------------
     0 | D:1      | Armakuni the Human Monk began the quest for the Orb.
     0 | D:1      | Reached XP level 1. HP: 18/18 MP: 1/1
   348 | D:2      | Reached skill level 1 in Short Blades
   365 | D:2      | Reached XP level 2. HP: 23/24 MP: 2/2
   765 | D:2      | Reached XP level 3. HP: 21/29 MP: 3/3
  1741 | D:2      | Reached XP level 4. HP: 35/35 MP: 4/4
  2418 | D:3      | Found a broken altar of Ashenzari.
  2504 | D:3      | Found a hazy altar of Hepliaklqana.
  2504 | D:3      | Found a stormy altar of Qazlal.
  2504 | D:3      | Found a white marble altar of Elyvilon.
  2505 | D:3      | Found a glowing golden altar of the Shining One.
  2523 | D:3      | Became a worshipper of the Shining One
  2523 | D:3      | Reached * piety under the Shining One
  2523 | D:3      | Reached ** piety under the Shining One
  3126 | D:3      | Found a shadowy altar of Dithmenos.
  3253 | D:3      | Reached XP level 5. HP: 36/41 MP: 5/5
  3429 | D:3      | Found an ornate altar of the Wu Jian Council.
  3603 | D:4      | Noticed Natasha
  3615 | D:4      | Reached skill level 1 in Axes
  3624 | D:4      | Killed Natasha
  3628 | D:4      | Noticed Natasha
  3648 | D:4      | Killed Natasha
  3651 | D:4      | Reached skill level 2 in Axes
  3692 | D:4      | Gained mutation: Armour fits poorly on your strangely
                  | shaped body. [potion of mutation]
  3692 | D:4      | Gained mutation: Scrolls take you a little longer to read.
                  | [potion of mutation]
  3692 | D:4      | Gained mutation: You possess an exceptional clarity of
                  | mind. [potion of mutation]
  3692 | D:4      | Gained mutation: You have sharp toenails. [potion of
                  | mutation]
  3694 | D:4      | HP: 3/63 [centaur skeleton (5)]
  3698 | D:4      | Reached XP level 6. HP: 11/48 MP: 2/6
  3716 | D:4      | Noticed Natasha
  3726 | D:4      | Killed Natasha
  3993 | D:4      | Reached skill level 1 in Invocations
  4188 | D:4      | Noticed an ogre
  4209 | D:4      | Killed an ogre
  4210 | D:4      | Reached skill level 3 in Axes
  4210 | D:4      | Reached XP level 7. HP: 20/55 MP: 8/8
  4603 | D:4      | Reached skill level 5 in Fighting
  5020 | D:5      | Entered Level 5 of the Dungeon
  5133 | D:5      | Reached skill level 4 in Axes
  5312 | D:5      | Reached skill level 5 in Axes
  5595 | D:5      | Reached XP level 8. HP: 56/62 MP: 9/9
  5988 | D:6      | Reached skill level 6 in Axes
  6086 | D:6      | Reached *** piety under the Shining One
  6148 | D:6      | Found a sacrificial altar of Ru.
  6242 | D:6      | Reached skill level 7 in Axes
  6299 | D:6      | Reached skill level 5 in Dodging
  6332 | D:6      | Noticed Sigmund
  6358 | D:6      | Killed Sigmund
  6359 | D:6      | Reached XP level 9. HP: 51/68 MP: 10/10
  6567 | D:6      | Reached skill level 8 in Axes
  7374 | D:7      | Reached skill level 9 in Axes
  7641 | D:6      | Reached XP level 10. HP: 47/74 MP: 11/11
  8148 | D:7      | Found Woadazxi's Assorted Antiques.
  8157 | D:7      | Bought a glowing broad axe for 196 gold pieces
  8703 | D:7      | Found a staircase to the Ecumenical Temple.
  8709 | Temple   | Entered the Ecumenical Temple
  9016 | D:8      | Found an iron altar of Okawaru.
  9205 | D:8      | Noticed Grum
  9216 | D:8      | Reached skill level 10 in Axes
  9217 | D:8      | Killed Grum
  9484 | D:8      | Reached **** piety under the Shining One
  9758 | D:8      | Noticed a two-headed ogre
  9769 | D:8      | Killed a two-headed ogre
  9773 | D:8      | Found a blossoming altar of Fedhas.
  9990 | D:8      | Reached XP level 11. HP: 53/79 MP: 14/14
 10302 | D:8      | Found a runed translucent door.
 10302 | D:8      | Noticed Nebesus's ghost (novice KoBe)
 10316 | D:8      | Killed Nebesus's ghost
 10317 | D:8      | Reached skill level 11 in Axes
 10317 | D:8      | Reached skill level 5 in Invocations
 10511 | D:8      | Paralysed by a hornet for 2 turns
 11151 | D:9      | Found a staircase to the Orcish Mines.
 11168 | D:9      | Reached skill level 1 in Shields
 11772 | Orc:1    | Entered Level 1 of the Orcish Mines
 11773 | Orc:1    | Noticed an orc sorcerer
 11773 | Orc:1    | Noticed an orc sorcerer
 11775 | Orc:1    | Noticed a soul eater
 11783 | D:9      | Killed an orc sorcerer
 11875 | D:9      | Killed an orc sorcerer
 12050 | Orc:1    | Found Xuejeato's Antique Weapon Emporium.
 12063 | Orc:1    | Noticed an orc sorcerer
 12063 | Orc:1    | Noticed Sonja
 12071 | Orc:1    | Killed Sonja
 12075 | Orc:1    | Reached skill level 12 in Axes
 12079 | Orc:1    | Killed an orc sorcerer
 12473 | Orc:1    | Noticed an orc knight
 12473 | Orc:1    | Noticed an orc sorcerer
 12494 | Orc:1    | Killed an orc sorcerer
 12495 | Orc:1    | Reached skill level 1 in Throwing
 12498 | Orc:1    | Killed an orc knight
 13185 | D:10     | Entered Level 10 of the Dungeon
 13321 | D:10     | Noticed Josephine
 13331 | D:10     | Killed Josephine
 13332 | D:10     | Reached XP level 12. HP: 85/86 MP: 10/16
 13374 | D:10     | Found a staircase to the Lair.
 13670 | D:11     | Killed an unseen horror
 13675 | D:11     | Killed a centaur warrior
 13756 | D:11     | Reached skill level 13 in Axes
 13809 | D:11     | Reached skill level 5 in Throwing
 13953 | D:11     | Found a shimmering altar of Xom.
 14435 | D:11     | Lost mutation: Armour fits poorly on your strangely shaped
                  | body. [potion of mutation]
 14435 | D:11     | Gained mutation: You are robust. (+10% HP) [potion of
                  | mutation]
 14435 | D:11     | Gained mutation: Your system is resistant to poisons.
                  | (rPois) [potion of mutation]
 14795 | Lair:1   | Entered Level 1 of the Lair of Beasts
 14826 | Lair:1   | Reached ***** piety under the Shining One
 14944 | Lair:1   | Noticed Nergalle
 14961 | Lair:1   | Killed Nergalle
 15147 | Lair:1   | Noticed Harold
 15160 | Lair:1   | Killed Harold
 15362 | Lair:1   | Noticed a seven-headed hydra
 15370 | Lair:1   | Killed a seven-headed hydra
 15501 | Lair:1   | Reached skill level 14 in Axes
 15723 | Lair:1   | Reached XP level 13. HP: 93/100 MP: 17/17
 16161 | Lair:2   | Noticed a four-headed hydra
 16174 | Lair:2   | Killed a four-headed hydra
 16585 | Lair:2   | Noticed a five-headed hydra
 16600 | Lair:2   | Killed a five-headed hydra
 16672 | Lair:2   | Found a staircase to the Swamp.
 17254 | Lair:2   | Noticed Erica
 17261 | Lair:2   | Killed Erica
 17660 | Lair:3   | Reached skill level 15 in Axes
 17711 | Lair:3   | Noticed a seven-headed hydra
 17724 | Lair:3   | Killed a seven-headed hydra
 17729 | Lair:3   | Reached skill level 10 in Throwing
 18340 | Lair:3   | Found a hole to the Spider Nest.
 19006 | Lair:4   | Noticed a seven-headed hydra
 19015 | Lair:4   | Killed a seven-headed hydra
 19022 | Lair:4   | Reached XP level 14. HP: 74/107 MP: 10/18
 19029 | Lair:4   | Reached skill level 16 in Axes
 19579 | Lair:4   | Identified the +1 glaive "Voolore" {venom, rF- Int+3 Dex+2}
 20426 | Lair:5   | Found a staircase to the Slime Pits.
 20426 | Lair:5   | Found a viscous altar of Jiyva.
 20763 | Lair:6   | Entered Level 6 of the Lair of Beasts
 20790 | Lair:6   | Reached skill level 17 in Axes
 21688 | Lair:6   | Reached skill level 1 in Armour
 22391 | Lair:6   | Identified the +3 short sword of Distant Shores {flame,
                  | *Corrode rC+ rN+ Dex+6}
 22502 | Lair:6   | Noticed a dire elephant
 22518 | Lair:6   | Killed a dire elephant
 22519 | Lair:6   | Reached XP level 15. HP: 96/115 MP: 16/19
 23100 | Orc:2    | Entered Level 2 of the Orcish Mines
 23189 | Orc:2    | Found Laplol's Antique Weapon Shop.
 23210 | Orc:2    | Reached skill level 5 in Armour
 23227 | Orc:2    | Noticed an orc warlord
 23231 | Orc:2    | Noticed a stone giant
 23247 | Orc:2    | Killed a stone giant
 23773 | Orc:2    | Killed an orc warlord
 23835 | Orc:2    | Found Zeifoss's General Store.
 23893 | Orc:2    | Found Veurah's Antique Armour Boutique.
 23903 | Orc:2    | Bought a pair of embroidered boots for 195 gold pieces
 23910 | Orc:2    | Bought a glowing tower shield for 195 gold pieces
 23985 | Orc:2    | Found a staircase to the Elven Halls.
 24105 | Orc:2    | Noticed Jorgrun
 24122 | Orc:2    | Killed Jorgrun
 24168 | Orc:2    | Found Zonikiy's Assorted Antiques.
 24192 | Orc:2    | Bought a scroll of enchant weapon for 165 gold pieces
 24322 | Orc:2    | Found Hifi's Book Emporium.
 24928 | D:12     | Found Weijeuziukk's Jewellery Boutique.
 25738 | D:13     | Reached ****** piety under the Shining One
 25750 | D:13     | Identified a +4 broad axe of holy wrath (a +2 antimagic
                  | broad axe blessed by the Shining One)
 25750 | D:13     | Received a gift from the Shining One
 26088 | D:13     | Reached XP level 16. HP: 132/134 MP: 20/20
 26136 | D:13     | Reached skill level 10 in Fighting
 26434 | D:13     | Found Mileywki's Assorted Antiques.
 26444 | D:13     | Bought 2 green potions for 52 gold pieces
 26949 | D:14     | Reached skill level 10 in Armour
 27069 | D:14     | Found a gate to the Vaults.
 27226 | D:14     | Noticed Agnes
 27239 | D:14     | Killed Agnes
 27675 | D:14     | Noticed Frances
 27690 | D:14     | Killed Frances
 28042 | D:15     | Entered Level 15 of the Dungeon
 28647 | D:15     | Noticed Louise
 28662 | D:15     | Killed Louise
 28667 | D:15     | Found a huge runed gate.
 28667 | D:15     | Found a huge runed gate.
 28667 | D:15     | Found a huge runed gate.
 28667 | D:15     | Found a huge runed gate.
 28667 | D:15     | Found a huge runed gate.
 28667 | D:15     | Found a huge runed gate.
 28667 | D:15     | Found a huge runed gate.
 28689 | D:15     | Found a huge runed gate.
 28689 | D:15     | Found a huge runed gate.
 28689 | D:15     | Found a huge runed gate.
 28689 | D:15     | Found a huge runed gate.
 28689 | D:15     | Found a huge runed gate.
 28689 | D:15     | Found a huge runed gate.
 28689 | D:15     | Found a huge runed gate.
 28691 | D:15     | Found a huge runed gate.
 28733 | D:15     | Found a huge runed gate.
 28753 | D:15     | Found a huge runed gate.
 28753 | D:15     | Found a huge runed gate.
 28753 | D:15     | Found a huge runed gate.
 28753 | D:15     | Found a huge runed gate.
 28753 | D:15     | Found a huge runed gate.
 28753 | D:15     | Found a huge runed gate.
 28754 | D:15     | Found a huge runed gate.
 28755 | D:15     | Found a huge runed gate.
 28759 | D:15     | Noticed Kirke
 28771 | D:15     | Killed Kirke
 28792 | D:15     | Found a huge runed gate.
 28792 | D:15     | Found a huge runed gate.
 28792 | D:15     | Found a huge runed gate.
 28820 | D:15     | Reached skill level 10 in Invocations
 28872 | D:15     | Found a staircase to the Depths.
 29718 | D:15     | Identified the ring of Cuwkyu {+Fly rF+ Stlth+}
 29733 | D:15     | Identified the ring of Qetool {rPois Dex+6 Slay+3}
 30006 | Swamp:1  | Entered Level 1 of the Swamp
 30318 | Swamp:1  | Reached XP level 17. HP: 129/140 MP: 22/25
 30375 | Swamp:1  | Noticed a tentacled monstrosity
 30386 | Swamp:1  | Killed a tentacled monstrosity
 32172 | Swamp:3  | Noticed a tentacled monstrosity
 32201 | Swamp:3  | HP: 5/140 [tentacled monstrosity (5)]
 32203 | Swamp:3  | Killed a tentacled monstrosity
 32612 | Swamp:3  | Reached skill level 15 in Invocations
 32646 | Swamp:3  | Upgraded the game from 0.27-a0-550-ge92ec0ca06 to
                  | 0.27-a0-590-g94244163b4
 32676 | Swamp:3  | Reached skill level 5 in Shields
 32872 | Swamp:3  | Paralysed by a fenstrider witch for 2 turns
 33534 | Swamp:3  | Identified the Disquisition on the Lethal Glacier
 33632 | Swamp:4  | Entered Level 4 of the Swamp
 33645 | Swamp:4  | Reached XP level 18. HP: 102/147 MP: 12/29
 34274 | Swamp:4  | HP: 1/147 [five-headed hydra[a spriggan druid] (16)]
 34274 | Swamp:4  | Slain by an alligator

Illustrated notes

Levels and vault maps discovered:
D:1:      dpeg_arrival_castle, layout_basic
D:2:      layout_basic, hangedman_glass_teeth, supply_closet_lemuel,
          grunt_ministairs_11
D:3:      minmay_spotlight, layout_loops_corners, lemuel_doored_altar,
          nicolae_overflow_hidden_temple,
          chequers_temple_overflow_statue_of_worship, elyvilon_altar_4,
          nicolae_ashenzari_panopticon
D:4:      layout_loops_ring, uniq_natasha
D:5:      layout_basic
D:6:      layout_loops_ring, old_standard_altar, uniq_sigmund
D:7:      layout_basic, minmay_temple_entry_drinking_statues, serial_shops, shop
D:8:      layout_cave_pods, general_overflow_altar, gammafunk_ghost_grave,
          okawaru_metal_pillars_1_2, uniq_grum
D:9:      layout_long_grid, orc_0_dummy, kennysheep_generic_room_5
D:10:     layout_rooms, lair_entry_dummy, minmay_microvault, uniq_josephine
D:11:     layout_rooms, minivault_4, xom_confusion_cloud
D:12:     layout_roguey, portal_ice_cave_entry_animals_and_master, serial_shops,
          shop
D:13:     cheibrodos_fzero, layout_gridville, serial_shops, shop
D:14:     layout_stronghold, david_vaults_4, serial_park_square1
          [serial_park_minivault_5x5_2], chequers_serial_rivers_micro_c,
          minmay_crystal_water, uniq_frances, uniq_agnes
D:15:     hangedman_depths_entry_civil_slaughter, layout_basic,
          not_door_vault_mu, uniq_kirke, uniq_louise
Temple:   nicolae_temple_great_sept
Lair:1:   layout_regular_city, minmay_lair_oklob_chamber, grunt_megastairs_1,
          uniq_harold, uniq_nergalle
Lair:2:   layout_roguey, skrybe_swamp_entry_bodies, disabler_island, uniq_erica
Lair:3:   layout_regular_city, spider_nest_entry_webs, lemuel_fruit_tree
Lair:4:   layout_regular_city, st_stairs_8, grunt_megastairs_2
Lair:5:   layout_gridlike, slime_altar_1, kennysheep_catoblepas_arena,
          infiniplex_staircase_pool
Lair:6:   due_jungle_book, layout_long_grid, patterned_corridor
Swamp:1:  layout_falls_marsh, evilmike_swamp_ruin_wall, swamp_pool2
Swamp:2:  layout_falls_marsh, evilmike_swamp_ruin_house_5
Swamp:3:  layout_falls_marsh, hangedman_swamp_pad
Swamp:4:  swamp_basic_johnstein, layout_basic_swamp
Orc:1:    layout_diamond_mine, serial_shops, nicolae_shop_waterfront, uniq_sonja
Orc:2:    grunt_orc_gardens, layout_caves, grunt_orc_garden, grunt_orc_garden,
          grunt_orc_garden, grunt_orc_garden, serial_shops, shop_statue,
          uniq_jorgrun

Skill      XL: |  1  2  3  4  5  6  7  8  9 10 11 12 13 14 15 16 17 18 |
---------------+-------------------------------------------------------+-----
Short Blades   | 1 2 3 |  3.6
Axes           | 2 3 5 7 9 10 12 14 15 17 | 17.9
Fighting       | 4 5 6 9 10 | 10.0
Invocations    | 2 4 5 11 15 | 15.0
Dodging        | 5 7 9 |  9.0
Shields        | 4 7 8 |  8.8
Throwing       | 3 7 10 | 10.0
Armour         | 3 8 10 | 10.0
Maces & Flails | |  3.0
Stealth        | |  2.0

Action                   |  1- 3 |  4- 6 |  7- 9 | 10-12 | 13-15 | 16-18 || total
-------------------------+-------+-------+-------+-------+-------+-------++-------
Melee: Dagger            |    74 |   107 |   179 |    38 |       |       ||   398
       Mace              |     2 |       |       |       |       |       ||     2
       Broad axe         |       |    19 |    92 |   423 |   641 |   537 ||  1712
       Kick              |       |     6 |    78 |   124 |   192 |       ||   400
       Morningstar       |       |       |       |     6 |    34 |    34 ||    74
Throw: Javelin           |     2 |    12 |    22 |     5 |    11 |       ||    52
       Boomerang         |       |       |       |       |   144 |    73 ||   217
       Throwing net      |       |       |       |       |     5 |     8 ||    13
       Dart              |       |       |       |       |    10 |     6 ||    16
Invok: Divine Shield     |       |     1 |     6 |    15 |     5 |    10 ||    37
       Cleansing Flame   |       |       |       |     2 |       |     9 ||    11
       Brand Weapon With |       |       |       |       |     1 |       ||     1
Evoke: Wand              |       |       |       |     4 |    29 |     7 ||    40
  Use: Scroll            |     1 |     5 |     4 |     5 |    13 |     3 ||    31
       Potion            |       |     3 |       |     1 |     1 |     6 ||    11
 Stab: Sleeping          |     1 |       |       |       |       |       ||     1
Armor: Robe              |     9 |       |       |       |       |       ||     9
       Leather armour    |     2 |    37 |    12 |       |       |       ||    51
       Skin              |       |    10 |       |       |       |     1 ||    11
       Ring mail         |       |       |    47 |    73 |       |       ||   120
       Acid dragon scale |       |       |       |    32 |   194 |   101 ||   327
       Plate armour      |       |       |       |       |       |   223 ||   223
Dodge: Dodged            |    48 |    56 |   141 |   284 |   363 |   285 ||  1177
Block: Other             |       |       |    28 |    23 |       |       ||    51
       Buckler           |       |       |       |    85 |   147 |   271 ||   503

Table legend: (Time is in decaauts)
 A = Elapsed time spent in this place.
 B = Non-inter-level travel time spent in this place.
 C = Inter-level travel time spent in this place.
 D = Time resting spent in this place.
 E = Time spent auto-exploring this place.
 F = Levels seen in this place.
 G = Mean time per level.
                   A        B        C        D        E       F      G
               +--------+--------+--------+--------+--------+-----+--------+
         Total |  34120 |  32330 |   1790 |   6285 |  19898 |  28 | 1218.6 |
       Dungeon |  18871 |  17824 |   1047 |   3193 |  11126 |  15 | 1258.1 |
        Temple |     80 |     68 |     12 |      0 |     67 |   1 |   80.0 |
          Lair |   8048 |   7587 |    461 |    999 |   5095 |   6 | 1341.3 |
         Swamp |   4389 |   4286 |    103 |   1235 |   2356 |   4 | 1097.2 |
  Orcish Mines |   2731 |   2565 |    166 |    857 |   1253 |   2 | 1365.5 |
               +--------+--------+--------+--------+--------+-----+--------+

Top non-repeatable levels by time:
     D:8: 2009 daAuts
  Lair:6: 1989 daAuts
 Swamp:2: 1926 daAuts
   Orc:1: 1883 daAuts
    D:15: 1741 daAuts
     D:7: 1585 daAuts
     D:6: 1470 daAuts
     D:4: 1462 daAuts
  Lair:2: 1409 daAuts
    D:14: 1399 daAuts
     D:2: 1340 daAuts
  Lair:1: 1332 daAuts
  Lair:4: 1239 daAuts
     D:9: 1226 daAuts
  Lair:3: 1178 daAuts
